 Dungeon Crawl Stone Soup version 0.28.0-43-g3370ac3207 (webtiles) character file.

Game seed: 15264364012110808508

72 Pinkishskies the Poker (level 4, -3/37 HPs)
             Began as a Merfolk Berserker on Mar 8, 2022.
             Was a Believer of Trog.
             Slain by a gnoll
             ... wielding a +0 halberd
              (5 damage)
             ... on level 3 of the Dungeon.
             The game lasted 00:06:29 (1954 turns).

Pinkishskies the Poker (Merfolk Berserker)          Turns: 1954, Time: 00:06:29

Health: -3/37      AC:  5    Str: 19    XL:     4   Next: 26%
Magic:  4/4        EV: 12    Int:  6    God:    Trog [**....]
Gold:   74         SH:  0    Dex: 13    Spells: 3/3 levels left

rFire   . . .      SeeInvis .   a - +0 spear
rCold   . . .      Faith    .   (no shield)
rNeg    . . .      Spirit   .   d - +0 ring mail
rPois   .          Reflect  .   (no helmet)
rElec   .          Harm     .   (no cloak)
rCorr   .          Rampage  .   (no gloves)
Will    .....                   (no boots)
Stlth   +.........              (no amulet)
HPRegen 0.12/turn               (no ring)
MPRegen 0.09/turn               (no ring)

@: on berserk cooldown, slowed, very slow
A: (nimble swimmer 2), mertail
a: Renounce Religion, Berserk, Trog's Hand


You were on level 3 of the Dungeon.
You worshipped Trog.
Trog was pleased with you.
You visited 1 branch of the dungeon, and saw 3 of its levels.

You collected 74 gold pieces.

Inventory:

Hand Weapons
 a - a +0 spear (weapon)
Missiles
 c - 91 stones (quivered)
Armour
 b - a +0 animal skin
 d - a +0 ring mail (worn)
Jewellery
 h - an amulet of the acrobat
Scrolls
 e - 6 scrolls of identify {unknown}
 f - a scroll of blinking {unknown}
Potions
 g - a potion of degeneration {unknown}


   Skills:
 + Level 4.1 Fighting
 + Level 5.8 Polearms
 + Level 1.5 Armour
 + Level 3.3 Dodging
 - Level 0.4 Stealth


You had 3 spell levels left.
You didn't know any spells.
Your spell library was empty.

Dungeon Overview and Level Annotations

Branches:
Dungeon (3/15)

Altars:


Innate Abilities, Weirdness & Mutations

((You are very nimble when in or above water. (Stealth+, EV+, Speed+++)))
Your lower body shifts to a powerful aquatic tail in water.


Message History

The gnoll is lightly wounded.
The gnoll misses you.
You barely miss the gnoll. The gnoll closely misses you. x2
The gnoll hits you from afar with a +0 halberd.
You hit the gnoll but do no damage. The gnoll completely misses you.
The gnoll hits you from afar with a +0 halberd.
You closely miss the gnoll. The gnoll misses you. The gnoll barely misses you.
You barely miss the gnoll. The gnoll hits you with a +0 halberd.
The phantom misses you. The gnoll closely misses you.
The gnoll barely misses you. The gnoll closely misses you.
The gnoll barely misses you. The phantom barely misses you.
The gnoll barely misses you.
You hit the gnoll.
The gnoll is heavily wounded.
The gnoll misses you. The phantom closely misses you.
The gnoll barely misses you.
You hit the gnoll but do no damage.
The gnoll is heavily wounded.
The gnoll closely misses you. The phantom hits you.
The phantom blinks!
You blink.
You hit the phantom.
The phantom is lightly damaged.
The phantom closely misses you.
You barely miss the phantom. Your punch misses the phantom.
The phantom is lightly damaged.
The phantom hits you. x2
The phantom misses you. The gnoll barely misses you.
There is a stone staircase leading down here.
The phantom hits you.
* * * LOW HITPOINT WARNING * * *
The phantom blinks!
You blink.
You stop descending the stairs.
The gnoll hits you from afar with a +0 halberd.
* * * LOW HITPOINT WARNING * * *
The gnoll barely misses you.
The phantom hits you but does no damage.
The gnoll barely misses you.
You hit the phantom.
The phantom is moderately damaged.
The gnoll hits you with a +0 halberd.
You die...

... ...# .... #.$#
.....#..# ........# #.##
.#.# #.)# .#.# ..
##)##.#.## ... ###.W#....#
...# #..@.g...#
!#.........###.##g#.###..#
.#.............##§#.......
.#.............##.§#....
....W..........###.# ###.
...............# #.#
...............# #.#
...............# #.# #
............# #.#


You could see a phantom and 2 gnolls.

Vanquished Creatures
  2 gnolls (D:3)
  An adder (D:2)
  A dart slug (D:1)
  4 ball pythons
  4 bats
  3 endoplasms (D:1)
  2 giant cockroaches
  3 goblins
  4 hobgoblins
  10 kobolds
  3 quokkas
  A frilled lizard (D:1)
  2 rats (D:2)
40 creatures vanquished.

Notes
Turn   | Place    | Note
-------+----------+-------------------------------------------
     0 | D:1      | Pinkishskies the Merfolk Berserker began the quest for the
                  | Orb.
     0 | D:1      | Reached XP level 1. HP: 18/18 MP: 1/1
    67 | D:1      | Reached XP level 2. HP: 7/24 MP: 2/2
    74 | D:1      | Reached skill level 5 in Polearms
   331 | D:1      | HP: 1/24 [hobgoblin (2)]
   711 | D:1      | Reached XP level 3. HP: 30/30 MP: 3/3
  1669 | D:2      | Reached ** piety under Trog
  1876 | D:3      | Noticed a phantom
  1937 | D:3      | Reached XP level 4. HP: 37/37 MP: 4/4
  1954 | D:3      | Slain by a gnoll

Illustrated notes

Levels and vault maps discovered:
D:1:      doesnt_arrival_eight_statues, layout_rooms, serial_rivers,
          chequers_serial_rivers_small_3, chequers_serial_rivers_small_b,
          chequers_serial_rivers_room_a, chequers_serial_rivers_micro_a,
          chequers_serial_rivers_micro_d
D:2:      layout_basic
D:3:      layout_basic, dilly_ecumenical_altar_fadedgnrine

Skill      XL: |  1  2  3 |
---------------+----------+-----
Polearms       | 5 |  5.8
Dodging        | 3 |  3.3
Fighting       | 4 |  4.1
Armour         | |  1.5
Stealth        | |  0.4

Action                   |  1- 3 |  4- 6 || total
-------------------------+-------+-------++-------
Melee: Spear             |   141 |    13 ||   154
Invok: Berserk           |     1 |       ||     1
 Stab: Sleeping          |     2 |       ||     2
Armor: Animal skin       |     9 |       ||     9
       Ring mail         |    13 |     1 ||    14
Dodge: Dodged            |    62 |    25 ||    87
